 Dungeon Crawl Stone Soup version 0.30.1-11-g7821555f0a (webtiles) character file.

Game seed: 217350415123319589

112 ipreemptive the Trooper (level 4, 0/57 HPs)
             Began as a Demonspawn Gladiator on Jan 2, 2024.
             Slain by Pikel
             ... wielding a +1 whip of freezing
              (9 damage)
             ... on level 4 of the Dungeon.
             The game lasted 00:09:58 (2483 turns).

ipreemptive the Trooper (Demonspawn Gladiator)      Turns: 2483, Time: 00:09:59

Health: 0/57       AC:  6    Str: 19    XL:     4   Next: 64%
Magic:  4/4        EV: 12    Int: 10    God:
Gold:   159        SH:  0    Dex: 17    Spells: 3/3 levels left

rFire   + . .        s - +1 whip (venom)
rCold   . . .        (no shield)
rNeg    . . .        b - +0 leather armour
rPois   .            c - +0 helmet
rElec   .            (no cloak)
rCorr   .            (no gloves)
SInv    .            (no boots)
Will    .....        r - amulet of regeneration Stlth
                     f - +4 ring of slaying
HPRegen 1.09/turn    y - ring of Eternal Harmony {Contam Fly rF+ Str+3 Dex+3}
MPRegen 0.09/turn

%: no passive effects
@: berserking, flying, very quick
A: icy blue scales 1, demonic guardian 1, foul stench 1
a: no special abilities


You were on level 4 of the Dungeon.
You visited 1 branch of the dungeon, and saw 4 of its levels.

You collected 159 gold pieces.

Inventory:

Hand Weapons
 a - a +0 flail
 s - a +1 whip of venom (weapon)
 w - a +0 mace of protection
Missiles
 d - 3 throwing nets (quivered)
 e - a javelin
Armour
 b - a +0 leather armour (worn)
 c - a +0 helmet (worn)
Jewellery
 f - a +4 ring of slaying (left hand)
 r - an amulet of regeneration (around neck)
 y - the ring of Eternal Harmony (right hand) {Contam Fly rF+ Str+3 Dex+3}
   (You found it on level 3 of the Dungeon)

   [ring of flight]

   Str:       It affects your strength (+3).
   Dex:       It affects your dexterity (+3).
   rF:        It protects you from fire.
   Fly:       It grants you flight.
   Contam:    It causes magical contamination when unequipped.
Scrolls
 g - a scroll of immolation {unknown}
 h - a scroll of amnesia {unknown}
 i - a scroll of torment {unknown}
 j - 2 scrolls of identify {unknown}
 k - a scroll of teleportation {unknown}
 m - a scroll of blinking {unknown}
 p - a scroll of noise {unknown}
 q - 2 scrolls of brand weapon {unknown}
 u - a scroll of summoning {unknown}
 v - a scroll of magic mapping {unknown}
 z - a scroll of enchant weapon {unknown}
Potions
 l - a potion of degeneration {unknown}
 n - a potion of attraction {unknown}
 o - 2 potions of brilliance {unknown}
 t - a potion of berserk rage
 x - a potion of might {unknown}


   Skills:
 * Level 4.6 Fighting
 - Level 2.6 Maces & Flails
 - Level 1.7 Throwing
 - Level 1.2 Armour
 - Level 2.6 Dodging
 - Level 0.1 Stealth


You had 3 spell levels left.
You didn't know any spells.
Your spell library contained the following spells:

 Spells                   Type           Power      Damage    Failure   Level
 Gell's Gravitas          Tloc           0%         N/A       80%         3
 Teleport Other           Tloc           0%         N/A       80%         3
 Dispersal                Tloc           0%         N/A       100%        6


Dungeon Overview and Level Annotations

Branches:
Dungeon (4/15)
 Temple: D:4-7

Altars:
Kikubaaqudgha

Shops:
D:2 *(:*(

Annotations:
D:4 Pikel


Innate Abilities, Weirdness & Mutations

You are partially covered in icy blue scales. (AC +2)
A weak demonic guardian rushes to your aid.
You may rarely emit foul miasma when damaged in melee.


Message History

You hit the lemure but do no damage.
The lemure looks as sick as possible!
The lemure is lightly wounded.
You hit the lemure.
The lemure looks as sick as possible!
The lemure is moderately wounded.
The lemure closely misses you. Pikel barely misses you.
You closely miss Pikel. Pikel hits you but does no damage.
The lemure misses you.
You whack Pikel!
Pikel is moderately wounded.
The lemure completely misses you. Pikel closely misses you.
You completely miss Pikel.
Pikel is moderately wounded.
The lemure closely misses you. Pikel closely misses you.
You hit Pikel.
Pikel is poisoned.
Pikel is heavily wounded.
The lemure barely misses you.
Pikel hits you with a +1 whip of freezing!
Pikel freezes you.
You hit Pikel but do no damage.
Pikel looks as sick as possible!
Pikel is heavily wounded.
The lemure misses you.
Pikel hits you with a +1 whip of freezing.
Pikel freezes you.
You completely miss Pikel.
Pikel is heavily wounded.
The lemure hits you! Pikel hits you but does no damage.
You hit Pikel.
Pikel looks as sick as possible!
Pikel is severely wounded.
The lemure hits you but does no damage.
Pikel hits you with a +1 whip of freezing!
* * * LOW HITPOINT WARNING * * *
Pikel freezes you.
* * * LOW HITPOINT WARNING * * *
A demonic guardian appears!
It was a potion of berserk rage.
A red film seems to cover your vision as you go berserk!
You feel yourself moving faster!
You feel mighty! The lemure hits you.
* * * LOW HITPOINT WARNING * * *
Pikel hits you with a +1 whip of freezing!
You die...

#..............
#..............
#..............
##.K###....###.
###..########## .
#.....#.......# ..
+....)#.......+ ..
#....5#55.....# #.
#.##.5K@.....##
##..##.############
#.......# #.......#
#.......# ##..<..##
#######


You could see Pikel (extremely poisoned), 3 lemures and a friendly white imp
(summoned).

Vanquished Creatures
  A lemure (D:3)
  5 adders
  6 dart slugs
  An orc (D:3)
  4 bats
  6 endoplasms
  4 giant cockroaches
  5 goblins
  4 hobgoblins
  3 quokkas
  4 ball pythons
  2 frilled lizards
  4 kobolds
  6 rats
55 creatures vanquished.

Notes
Turn   | Place    | Note
-------+----------+-------------------------------------------
     0 | D:1      | ipreemptive the Demonspawn Gladiator began the quest for
                  | the Orb.
     0 | D:1      | Reached XP level 1. HP: 16/16 MP: 1/1
   152 | D:1      | Gained mutation: You are partially covered in icy blue
                  | scales. (AC +2) [demonic ancestry]
   152 | D:1      | Reached XP level 2. HP: 23/23 MP: 2/2
   351 | D:1      | Reached skill level 3 in Fighting
   476 | D:1      | Gained mutation: A weak demonic guardian rushes to your
                  | aid. [demonic ancestry]
   476 | D:1      | Reached XP level 3. HP: 29/29 MP: 3/3
   706 | D:2      | Found Ysemm's Assorted Antiques.
   720 | D:2      | Reached skill level 1 in Armour
   832 | D:2      | Gained mutation: You may rarely emit foul miasma when
                  | damaged in melee. [demonic ancestry]
   832 | D:2      | Reached XP level 4. HP: 37/37 MP: 4/4
   872 | D:2      | Reached skill level 4 in Fighting
   888 | D:2      | Found Zoikhet's Antique Weapon Emporium.
   975 | D:2      | Found Qoafaug's Antique Weapon Emporium.
  1058 | D:2      | Found Vanef's Assorted Antiques.
  1271 | D:2      | Found Osooxt's Book Emporium.
  1481 | D:3      | Found a faded altar of an unknown god.
  1630 | D:3      | Found an ancient bone altar of Kikubaaqudgha.
  1766 | D:3      | Identified the ring of Eternal Harmony {Contam Fly rF+
                  | Str+3 Dex+3}
  2323 | D:4      | Noticed Pikel
  2323 | D:4      | Noticed a lemure
  2323 | D:4      | Noticed a lemure
  2323 | D:4      | Noticed a lemure
  2323 | D:4      | Noticed a lemure
  2356 | D:3      | Killed a lemure
  2483 | D:4      | Slain by Pikel

Illustrated notes

Levels and vault maps discovered:
D:1:      minmay_arrival_four_circles, layout_basic, minivault_14,
          nrook_mini_backslash
D:2:      layout_loops_ring, serial_shops, nicolae_shop_overgrown_old_shop,
          nicolae_shop_advertising_works [nicolae_subvault_shop_adworks], shop,
          shop, shop, basic_altar
D:3:      layout_rooms, mainiacjoe_overflow_catwalk,
          mainiacjoe_overflow_concentric_impassable,
          ebering_ecumenical_altar_box, dk_noncrumbling_2, grunt_decor_fettered
D:4:      layout_gridville, makhleb_altar_promises_db, uniq_pikel, uniq_edmund,
          uniq_sigmund

Skill      XL: |  1  2  3  4 |
---------------+-------------+-----
Fighting       | 3 4 |  4.6
Armour         | 1 |  1.2
Maces & Flails | |  2.6
Throwing       | |  1.7
Dodging        | |  2.6
Stealth        | |  0.1

Action                     |  1- 3 |  4- 6 || total
---------------------------+-------+-------++-------
  Melee: Flail             |    64 |    28 ||    92
         Punch             |     1 |       ||     1
         Whip              |       |    41 ||    41
    Use: Potion            |       |     1 ||     1
   Stab: Sleeping          |       |     1 ||     1
 Armour: Leather armour    |    28 |    21 ||    49
  Dodge: Dodged            |    50 |    50 ||   100
